 Dungeon Crawl Stone Soup version 0.25.0-9-g26727b657a (webtiles) character file.

Game seed: 13207423192142265981

699 Jakers the Reanimator (level 7, 0/46 HPs)
             Began as a Vampire Necromancer on June 19, 2020.
             Was an Initiate of Vehumet.
             Slain by a phantom (6 damage)
             ... on level 4 of the Dungeon.
             The game lasted 00:11:35 (3851 turns).

Jakers the Reanimator (Vampire Necromancer)         Turns: 3851, Time: 00:11:36

Health: 0/46       AC:  3    Str:  7    XL:     7   Next: 38%
Magic:  19/19      EV: 12    Int: 20    God:    Vehumet [......]
Gold:   126        SH:  0    Dex: 14    Spells: 0/10 levels left

rFire    . . .     SeeInvis +   l - +3 quarterstaff (chaos)
rCold    . . .     Gourm    .   (shield currently unavailable)
rNeg     . . .     Faith    .   a - +0 robe
rPois    .         Spirit   .   i - +0 helmet (curse)
rElec    .         Reflect  .   (no cloak)
rCorr    .         Harm     .   (no gloves)
MR       .....                  (no boots)
Stlth    ++........             (no amulet)
HPRegen  0.35/turn              d - ring of magical power
MPRegen  0.16/turn              (no ring)

@: regenerating quickly
A: no food, fangs 3, see invisible, unbreathing
a: Exsanguinate, Renounce Religion


You were on level 4 of the Dungeon.
You worshipped Vehumet.
Vehumet was noncommittal.
You were alive.

You visited 1 branch of the dungeon, and saw 4 of its levels.
You also visited: Sewer.

You collected 126 gold pieces.

Inventory:

Hand Weapons
 e - a +0 short sword
 l - a +3 quarterstaff of chaos (weapon)
Armour
 a - a +0 robe (worn)
 i - a cursed +0 helmet (worn)
 o - a +0 buckler
Jewellery
 d - a ring of magical power (left hand)
 s - a +6 ring of intelligence {unknown}
Wands
 t - a wand of clouds (4)
Scrolls
 c - 2 scrolls of remove curse
 h - a scroll of immolation {unknown}
 j - a scroll of amnesia
 k - a scroll of teleportation {unknown}
 n - 5 scrolls of identify
 q - a scroll of blinking {unknown}
 u - a scroll of noise {unknown}
Potions
 b - a potion of mutation {unknown}
 f - 3 potions of curing {unknown}
 g - 4 potions of heal wounds {unknown}
 m - 2 potions of haste {unknown}
 p - 2 potions of flight {unknown}
 r - a potion of degeneration {unknown}


   Skills:
 - Level 2.1 Dodging
 - Level 3.0 Stealth
 - Level 2.0 Spellcasting
 + Level 10.0 Necromancy


You couldn't memorise any spells.
You knew the following spells:

 Your Spells              Type           Power        Failure   Level  Hunger
a - Pain                  Necr           ####         1%          1    N/A
b - Animate Skeleton      Necr           N/A          1%          1    N/A
c - Vampiric Draining     Necr           #####.....   1%          3    N/A
d - Agony                 Necr           #####...     7%          5    N/A

Your spell library contained the following spells:

 Spells                   Type           Power        Failure   Level  Hunger
 Animate Dead             Necr           N/A          2%          4    N/A
 Infusion                 Chrm           #...         16%         1    N/A
 Shroud of Golubria       Chrm/Tloc      #.....       24%         2    N/A
 Song of Slaying          Chrm           #.......     24%         2    N/A
 Ozocubu's Armour         Chrm/Ice       #.......     43%         3    N/A
 Spectral Weapon          Hex/Chrm       #.......     43%         3    N/A

Dungeon Overview and Level Annotations

Branches:
Dungeon (4/15)              Sewer (visited)
 Temple: D:4-7

Altars:
Okawaru
Vehumet


Innate Abilities, Weirdness & Mutations

You do not eat.
Your natural rate of healing is unusually fast.
You have razor-sharp teeth.
You have supernaturally acute eyesight. (SInv)
You can survive without breathing.


Message History

You destroy the hound skeleton!
Vehumet accepts your kill.
Your Necromancy skill increases to level 10!
The phantom blinks!
The phantom blinks!
The phantom hits your jackal skeleton.
The phantom blinks!
The phantom hits your jackal skeleton.
Your jackal skeleton is destroyed!
The phantom closely misses you.
You closely miss the phantom.
The phantom is almost destroyed.
The phantom blinks!
The phantom blinks!
The phantom blinks!
You completely miss the phantom.
The phantom is almost destroyed.
The phantom hits you!
* * * LOW HITPOINT WARNING * * *
The phantom hits you.
You die...

#### ...# .#...$..#
..... ....%..# .....
.......# ....#
#......# ....# #.
#......# ....# #.
#......# ....#
#.####..W...# ....#
#..#...@# ....###
#.#...##
.......####.....#
................#
......(.........#
.....#....##....#
................#..
....#..#...........#
...........#.###.###


You could see a phantom (fast).

Vanquished Creatures
  Sigmund (D:2)
  A big kobold (Sewer)
  A scorpion (D:4)
  2 orc priests (D:4)
  An orc wizard (D:4)
  Crazy Yiuf (D:2)
  Natasha (thrice) (D:2)
  An iguana (D:4)
  A worker ant (D:4)
  A hound skeleton (D:4)
  8 adders
  A river rat (D:3)
  A worm (D:2)
  6 leopard geckos
  9 orcs
  6 bats
  7 giant cockroaches
  10 hobgoblins
  4 jackals
  8 kobolds
  3 ball pythons
  3 frilled lizards
  12 goblins
  17 rats
108 creatures vanquished.

Vanquished Creatures (collateral kills)
  A leopard gecko (D:2)
  2 giant cockroaches (D:1)
  A rat (D:2)
4 creatures vanquished.

Grand Total: 112 creatures vanquished

Notes
Turn   | Place    | Note
-------+----------+-------------------------------------------
     0 | D:1      | Jakers the Vampire Necromancer began the quest for the Orb.
     0 | D:1      | Reached XP level 1. HP: 13/13 MP: 3/3
     2 | D:1      | Learned a level 1 spell: Animate Skeleton
   213 | D:1      | Reached XP level 2. HP: 16/19 MP: 0/5
   248 | D:1      | Reached skill level 5 in Necromancy
  1141 | D:2      | Found a runed translucent door.
  1142 | D:2      | Noticed Crazy Yiuf
  1162 | D:2      | Reached XP level 3. HP: 21/24 MP: 6/6
  1206 | D:2      | Reached skill level 6 in Necromancy
  1404 | D:2      | Learned a level 3 spell: Vampiric Draining
  1442 | D:2      | Killed Crazy Yiuf
  1442 | D:2      | Reached XP level 4. HP: 29/30 MP: 7/7
  1531 | D:2      | Noticed Sigmund
  1545 | D:2      | Killed Sigmund
  1545 | D:2      | Reached skill level 7 in Necromancy
  1545 | D:2      | Reached XP level 5. HP: 23/35 MP: 5/8
  1656 | D:2      | Noticed Natasha
  1661 | D:2      | Killed Natasha
  1661 | D:2      | Reached skill level 8 in Necromancy
  1661 | D:2      | Reached XP level 6. HP: 40/41 MP: 9/9
  1919 | D:2      | Noticed Natasha
  1929 | D:2      | Killed Natasha
  2098 | D:2      | Noticed Natasha
  2102 | D:2      | Killed Natasha
  2230 | D:3      | Found a glowing drain.
  2250 | Sewer    | Entered a sewer
  2387 | Sewer    | Reached skill level 9 in Necromancy
  2487 | Sewer    | Found a glowing silver altar of Zin.
  2612 | D:3      | Found a faded altar of an unknown god.
  2776 | D:3      | Found an iron altar of Okawaru.
  2855 | D:3      | Found a radiant altar of Vehumet.
  2864 | D:3      | Became a worshipper of Vehumet
  3305 | D:4      | Reached XP level 7. HP: 38/46 MP: 8/10
  3393 | D:4      | Learned a level 5 spell: Agony
  3840 | D:4      | Reached skill level 10 in Necromancy
  3851 | D:4      | Slain by a phantom

Illustrated notes

Levels and vault maps discovered:
D:1:      lemuel_arrival_muddy, layout_basic, minmay_heptomino_o4
D:2:      layout_rooms, uniq_natasha, uniq_sigmund, uniq_crazy_yiuf_cottage
D:3:      layout_basic, old_standard_altar, gup_sewer_entry_bubbles,
          chequers_ecumenical_altar_twisty, kennysheep_okawaru_gauntlet
D:4:      layout_rooms, hangedman_decor_push

Skill      XL: |  1  2  3  4  5  6  7 |
---------------+----------------------+-----
Necromancy     | 5 6 7 8 9 10 | 10.0
Dodging        | |  2.1
Stealth        | |  3.0
Spellcasting   | |  2.0

Action                   |  1- 3 |  4- 6 |  7- 9 || total
-------------------------+-------+-------+-------++-------
Melee: Unarmed           |    15 |       |       ||    15
       Bite              |     2 |       |     1 ||     3
       Short sword       |     9 |       |       ||     9
       Quarterstaff      |       |     5 |    13 ||    18
 Cast: Pain              |    65 |   122 |    17 ||   204
       Animate Skeleton  |    16 |    12 |     5 ||    33
       Vampiric Draining |       |     1 |     2 ||     3
       Agony             |       |       |     4 ||     4
  Use: Scroll            |     4 |     3 |       ||     7
 Stab: Sleeping          |     1 |       |       ||     1
Armor: Robe              |    10 |     9 |     1 ||    20
Dodge: Dodged            |    35 |    33 |    13 ||    81
